 Dungeon Crawl Stone Soup version 0.30-a0-1043-g60ff8d5f49 (webtiles) character file.

Game seed: 6637650854084376904

2369 BlueFish the Sneak (level 9, -4/58 HPs)
             Began as an Octopode Warper on Apr 10, 2023.
             Was a Believer of Cheibriados.
             Slain by a centaur
             ... wielding a +0 halberd
              (15 damage)
             ... on level 8 of the Dungeon.
             The game lasted 00:17:44 (8443 turns).

BlueFish the Sneak (Octopode Warper)                Turns: 8443, Time: 00:17:44

Health: -4/58      AC:  1    Str: 18    XL:     9   Next: 44%
Magic:  19/23      EV: 15    Int: 19    God:    Cheibriados [**....]
Gold:   355        SH:  0    Dex: 16    Spells: 5/15 levels left

rFire   . . .      SeeInvis +      - Unarmed
rCold   . . .      Faith    +    (no shield)
rNeg    . . .      Spirit   .    (helmet restricted)
rPois   .          Reflect  .    f - amulet of faith
rElec   .          Rampage  .    e - ring of see invisible
rCorr   .                        D - ring of magical power
Will    .....                    (no ring)
Stlth   ++++                     (no ring)
HPRegen 0.29/turn                (no ring)
MPRegen 0.18/turn                (no ring)
                                 (no ring)
                                 (no ring)

@: very slow
A: almost no armour, amphibious, 8 rings, camouflage 1, gelatinous body 1,
(nimble swimmer 1), tentacles
a: Renounce Religion, Bend Time


You were on level 8 of the Dungeon.
You worshipped Cheibriados.
Cheibriados was pleased with you.
You visited 2 branches of the dungeon, and saw 9 of its levels.

You collected 355 gold pieces.

Inventory:

Missiles
 d - 104 stones (quivered)
 h - 32 poisoned darts
 r - 13 boomerangs of dispersal
Jewellery
 e - a ring of see invisible (left tentacle)
 f - an amulet of faith (around mantle)
 i - the ring of Biwa {rPois rN++ Will- Int+6 Dex-5}
   (You took it off a kobold on level 4 of the Dungeon)

   [ring of intelligence]

   Int:       It affects your intelligence (+6).
   Dex:       It affects your dexterity (-5).
   rPois:     It protects you from poison.
   rN:        It greatly protects you from negative energy.
   Will:      It decreases your willpower.
 D - a ring of magical power (right tentacle)
Wands
 u - a wand of quicksilver (12)
 y - a wand of iceblast (12)
Scrolls
 a - a scroll of blinking
 b - a scroll of enchant armour {unknown}
 c - a scroll of silence
 j - a scroll of noise {unknown}
 o - a scroll of acquirement {unknown}
 s - a scroll of immolation {unknown}
 t - a scroll of teleportation
 w - a scroll of vulnerability
 E - a scroll of magic mapping {unknown}
Potions
 g - 4 potions of curing
 k - 2 potions of flight
 l - a potion of mutation
 m - 3 potions of brilliance
 n - 3 potions of heal wounds
 p - 3 potions of attraction
 q - 3 potions of berserk rage
 v - 2 potions of might
 x - a potion of cancellation
 z - a potion of ambrosia {unknown}
 A - a potion of invisibility {unknown}
 B - a potion of lignification {unknown}
 C - a potion of degeneration {unknown}


   Skills:
 + Level 4.3 Fighting
 - Level 1.1 Ranged Weapons
 + Level 3.5 Throwing
 + Level 4.4 Dodging
 + Level 6.6 Stealth
 + Level 4.3 Unarmed Combat
 + Level 3.7 Spellcasting
 + Level 4.7 Translocations
 * Level 3.1 Transmutations
 + Level 4.2 Poison Magic
 + Level 2.6 Invocations
 + Level 3.1 Evocations


You had 5 spell levels left.
You knew the following spells:

 Your Spells              Type           Power      Damage    Failure   Level
a - Blink                 Tloc           42%        N/A       3%          2
b - Lesser Beckoning      Tloc           42%        N/A       3%          2
c - Teleport Other        Tloc           21%        N/A       6%          3
d - Sting                 Tmut/Pois      68%        1d6       3%          1
e - Poisonous Vapours     Pois/Air       22%        N/A       9%          2

Your spell library contained the following spells:

 Spells                   Type           Power      Damage    Failure   Level
 Passwall                 Tmut/Erth      7%         N/A       11%         2
 Slow                     Hex            12%        N/A       14%         1
 Portal Projectile        Hex/Tloc       24%        N/A       16%         3
 Vhi's Electric Charge    Tloc/Air       24%        N/A       16%         3
 Manifold Assault         Tloc           21%        N/A       21%         4
 Ensorcelled Hibernation  Hex/Ice        6%         N/A       22%         2
 Olgreb's Toxic Radiance  Pois           19%        N/A       26%         4
 Confusing Touch          Hex            3%         N/A       38%         3
 Swiftness                Air            3%         N/A       38%         3
 Tukima's Dance           Hex            3%         N/A       38%         3
 Vampiric Draining        Necr           3%         2d6       38%         3
 Blade Hands              Tmut           7%         N/A       71%         5


Dungeon Overview and Level Annotations

Branches:
Dungeon (8/15)             Temple (1/1) D:5
   Lair: D:8-11

Altars:
Ashenzari
Cheibriados
Dithmenos
Elyvilon
Fedhas
Gozag
Hepliaklqana
Kikubaaqudgha
Makhleb
Nemelex Xobeh
Okawaru
Qazlal
Sif Muna
Trog
Vehumet
Wu Jian
Xom
Yredelemnul
Zin
The Shining One

Shops:
D:6 (*


Innate Abilities, Weirdness & Mutations

You cannot wear most types of armour.
You are amphibious.
You can wear up to eight rings at the same time.
Your skin changes colour to match your surroundings (Stealth+).
Your rubbery body absorbs attacks. (AC +1, EV +1)
((You are camouflaged when in or above water. (Stealth+)))
You have tentacles for arms and can constrict up to eight enemies at once.


Message History

You constrict the orc warrior. The orc warrior closely misses you.
The orc shouts!
You tentacle-slap the orc warrior but do no damage.
You squeeze the orc warrior!
The orc warrior is heavily wounded.
You constrict the orc warrior.
A centaur comes into view. It is wielding a +0 halberd.
The orc barely misses you.
The orc warrior hits you with a +0 battleaxe!
The centaur shouts!
You tentacle-slap the orc warrior.
You tentacle-slap the orc warrior, but do no damage.
The orc warrior is almost dead.
You constrict the orc warrior.
You kill the orc warrior!
Cheibriados thoroughly appreciates the change of pace.
The orc barely misses you.
The centaur hits you from afar with a +0 halberd!
You tentacle-slap the orc. You grab the orc. You squeeze the orc.
You kill the orc!
Cheibriados appreciates the change of pace.
The centaur unwields a +0 halberd.
The centaur wields a +0 shortbow.
The centaur shoots an arrow.
The arrow hits you!
Casting: Sting (safe; 3% risk of failure)
Confirm with . or Enter, or press ? or * to list all spells.
Aiming: Lesser Beckoning (safe; 3% risk of failure)
Press: ? - help, Shift-Dir - straight line, f - centaur
Aim: a centaur, wielding a +0 shortbow (100% to hit)
The centaur hurls suddenly forward!
The centaur unwields a +0 shortbow.
The centaur wields a +0 halberd.
The centaur closely misses you. The centaur misses you.
The centaur hits you with a +0 halberd!
* * * LOW HITPOINT WARNING * * *
The centaur closely misses you.
You completely miss the centaur. The centaur completely misses you.
The centaur kicks you.
* * * LOW HITPOINT WARNING * * *
You tentacle-slap the centaur.
The centaur is lightly wounded.
The centaur hits you with a +0 halberd!
You die...

.#. ..# .#. #..##8.[.8#
)#.#...##.....## .#
.#.....#8.....8# .###
.#..#####.....# .....
.......##8...8# o....
.##..## ##_## ### ......
.....###########.##......
.#..............@#.......
.#..............)c.#
.................#.#
<#.#.............#.#
##.#.............#.#
...#.###....[....#.#
.....# #.........#.#
.....# #.........#.#
........ #########.#


You could see a centaur.

Vanquished Creatures
  Duvessa (D:7)
  2 water moccasins
  3 orc warriors
  An ice beast (D:8)
  2 sky beasts (D:7)
  A black bear (D:4)
  2 ogres (D:4)
  A kobold brigand (D:6)
  2 bullfrogs (D:7)
  2 scorpions (D:5)
  Dowan (D:7)
  A howler monkey (D:4)
  5 hounds
  3 jellies
  2 orc priests
  A sleepcap (D:5)
  2 gnoll boudas
  5 iguanas
  3 orc wizards
  Robin (D:2)
  8 gnolls
  4 adders
  3 shadow imps
  A white imp (D:8)
  13 orcs
  4 bats
  12 endoplasms
  4 giant cockroaches
  21 goblins
  10 hobgoblins
  3 jackals (D:1)
  17 kobolds
  3 quokkas
  7 ball pythons
  5 frilled lizards
  6 rats (D:1)
162 creatures vanquished.

Notes
Turn   | Place    | Note
-------+----------+-------------------------------------------
     0 | D:1      | BlueFish the Octopode Warper began the quest for the Orb.
     0 | D:1      | Reached XP level 1. HP: 14/14 MP: 3/3
    88 | D:1      | Reached skill level 1 in Stealth
    95 | D:1      | Reached XP level 2. HP: 11/19 MP: 5/5
   149 | D:1      | Learned a level 2 spell: Blink
   152 | D:1      | Learned a level 2 spell: Lesser Beckoning
   535 | D:1      | Reached XP level 3. HP: 18/24 MP: 6/6
   595 | D:1      | Reached skill level 2 in Stealth
  1002 | D:2      | Identified the +5 short sword "Anosaona" {spect, rElec}
  1119 | D:2      | Noticed Robin
  1300 | D:2      | Reached XP level 4. HP: 29/30 MP: 7/7
  1319 | D:2      | Learned a level 3 spell: Teleport Other
  1535 | D:2      | Reached skill level 3 in Stealth
  1639 | D:2      | Killed Robin
  1640 | D:2      | Reached XP level 5. HP: 27/35 MP: 8/8
  2094 | D:3      | Found an opulent altar of Gozag.
  2459 | D:3      | Identified the +4 dagger of the Pill Bug {flame, Dex+5}
  2897 | D:4      | Reached skill level 1 in Ranged Weapons
  2897 | D:4      | Reached XP level 6. HP: 29/41 MP: 9/9
  2989 | D:4      | Reached skill level 4 in Stealth
  3046 | D:4      | Identified the ring of Biwa {rPois rN++ Will- Int+6 Dex-5}
  3066 | D:3      | Learned a level 1 spell: Sting
  3070 | D:3      | Learned a level 2 spell: Poisonous Vapours
  3248 | D:4      | Found a bloodstained altar of Trog.
  3254 | D:4      | Found a glowing silver altar of Zin.
  3517 | D:4      | Reached skill level 1 in Poison Magic
  3991 | D:4      | Reached XP level 7. HP: 46/46 MP: 1/11
  4126 | D:4      | Reached skill level 1 in Evocations
  4196 | D:4      | Reached skill level 5 in Stealth
  4278 | D:5      | Entered Level 5 of the Dungeon
  4645 | D:5      | Found a staircase to the Ecumenical Temple.
  4654 | Temple   | Entered the Ecumenical Temple
  4783 | Temple   | Became a worshipper of Cheibriados the Contemplative
  5144 | D:5      | Reached XP level 8. HP: 40/52 MP: 9/12
  5837 | D:6      | Reached skill level 1 in Transmutations
  5967 | D:6      | Reached skill level 1 in Invocations
  6015 | D:6      | Found Bumeel's Assorted Antiques.
  6186 | D:6      | Reached * piety under Cheibriados
  6432 | D:6      | Found Keacw's Weapon Shoppe.
  6589 | D:7      | Reached skill level 6 in Stealth
  6806 | D:7      | Noticed Dowan
  6957 | D:7      | Identified the +1 sling of the Warrior {flame, rC+}
  6965 | D:7      | Noticed Duvessa
  7266 | D:7      | Reached XP level 9. HP: 18/58 MP: 14/14
  7386 | D:7      | Killed Duvessa
  7635 | D:7      | Killed Dowan
  8247 | D:7      | Found a shadowy altar of Dithmenos.
  8247 | D:7      | Found a shimmering blue altar of Sif Muna.
  8401 | D:8      | Found a glowing golden altar of the Shining One.
  8418 | D:8      | Reached ** piety under Cheibriados
  8443 | D:8      | Slain by a centaur

Illustrated notes

Levels and vault maps discovered:
D:1:      onia_arrival_handbag, layout_basic, hangedman_decor_clover_reticule,
          minmay_pentomino_q2
D:2:      layout_loops_cross, uniq_robin
D:3:      minmay_door_path, layout_loops_ring, mainiacjoe_overflow_alcove_1
D:4:      minmay_wonky_spiral, layout_rooms, general_overflow_altar,
          mainiacjoe_overflow_boulevard
D:5:      layout_loops_ring, minmay_temple_entry_statues_pillars, fountainhead
D:6:      layout_basic, serial_shops, nicolae_shop_waterfront,
          nicolae_shop_hallway_stairs, moated_statue
D:7:      layout_basic, gammafunk_temple_overflow_elements, uniq_duvessa
D:8:      layout_basic, nicolae_overflow_hidden_temple, uniq_psyche
Temple:   eino_temple_water

Skill      XL: |  1  2  3  4  5  6  7  8  9 |
---------------+----------------------------+-----
Stealth        | 1 2 3 4 5 6 |  6.6
Dodging        | 3 4 |  4.4
Ranged Weapons | 1 |  1.1
Throwing       | 2 3 |  3.5
Fighting       | 3 4 |  4.3
Poison Magic   | 1 3 4 |  4.2
Unarmed Combat | 3 4 |  4.3
Evocations     | 1 2 3 |  3.1
Spellcasting   | 3 |  3.7
Translocations | 4 |  4.7
Transmutations | 2 3 |  3.1
Invocations    | 2 |  2.6

Action                     |  1- 3 |  4- 6 |  7- 9 || total
---------------------------+-------+-------+-------++-------
  Melee: Unarmed           |    86 |   127 |   186 ||   399
         Tentacles         |    21 |    24 |    62 ||   107
         Constrict         |    18 |    32 |    41 ||    91
         Punch             |     2 |     7 |     8 ||    17
   Fire: Sling             |       |    45 |       ||    45
  Throw: Stone             |     3 |       |       ||     3
   Cast: Poisonous Vapours |       |    23 |    27 ||    50
         Sting             |       |    13 |    43 ||    56
         Lesser Beckoning  |       |     1 |    13 ||    14
    Use: Scroll            |       |     7 |     7 ||    14
         Potion            |       |       |     1 ||     1
   Stab: Sleeping          |    11 |     8 |       ||    19
         Distracted        |       |     1 |       ||     1
 Armour: Skin              |     6 |     7 |     3 ||    16
  Dodge: Dodged            |    40 |    83 |    98 ||   221

Table legend: (Time is in decaauts)
 A = Elapsed time spent in this place.
 B = Non-inter-level travel time spent in this place.
 C = Inter-level travel time spent in this place.
 D = Time resting spent in this place.
 E = Time spent auto-exploring this place.
 F = Levels seen in this place.
 G = Mean time per level.
                   A        B        C        D        E       F      G
               +--------+--------+--------+--------+--------+-----+--------+
         Total |   8971 |   8589 |    382 |    273 |   6759 |   9 |  996.8 |
       Dungeon |   8680 |   8326 |    354 |    273 |   6517 |   8 | 1085.0 |
        Temple |    291 |    263 |     28 |      0 |    242 |   1 |  291.0 |
               +--------+--------+--------+--------+--------+-----+--------+

Top non-repeatable levels by time:
     D:7: 1951 daAuts
     D:4: 1446 daAuts
     D:5: 1278 daAuts
     D:1: 1017 daAuts
     D:6: 1013 daAuts
     D:2: 930 daAuts
     D:3: 880 daAuts
  Temple: 291 daAuts
     D:8: 162 daAuts
